 Dungeon Crawl Stone Soup version 0.28.0-45-g0d030f2227 (webtiles) character file.

Game seed: 14479024549292611202

21 Faeu the Skirmisher (level 2, -2/27 HPs)
             Began as a Minotaur Fighter on Mar 30, 2022.
             Slain by an adder (3 damage)
             ... on level 2 of the Dungeon.
             The game lasted 00:02:33 (859 turns).

Faeu the Skirmisher (Minotaur Fighter)               Turns: 859, Time: 00:02:33

Health: -2/27      AC:  7    Str: 20    XL:     2   Next: 65%
Magic:  1/1        EV:  9    Int:  5    God:
Gold:   14         SH:  4    Dex:  9    Spells: 1/1 levels left

rFire   . . .      SeeInvis .   a - +0 war axe {axe}
rCold   . . .      Faith    .   c - +0 buckler
rNeg    . . .      Spirit   .   b - +0 scale mail
rPois   .          Reflect  .   (helmet restricted)
rElec   .          Harm     .   (no cloak)
rCorr   .          Rampage  .   (no gloves)
Will    .....                   (no boots)
Stlth   ..........              (no amulet)
HPRegen 0.09/turn               (no ring)
MPRegen 0.07/turn               (no ring)

@: lethally poisoned (-2 -> -7)
A: horns 2, retaliatory headbutt
a: no special abilities


You were on level 2 of the Dungeon.
You visited 1 branch of the dungeon, and saw 2 of its levels.

You collected 14 gold pieces.


Innate Abilities, Weirdness & Mutations

You have a pair of horns on your head.
You reflexively headbutt those who attack you in melee.


   Skills:
 + Level 4.0 Fighting
 + Level 2.8 Axes
 + Level 3.9 Armour
 + Level 4.0 Shields


You had one spell level left.
You didn't know any spells.
Your spell library was empty.

Inventory:

Hand Weapons
 a - a +0 war axe (weapon) {axe}
Armour
 b - a +0 scale mail (worn)
 c - a +0 buckler (worn)
Scrolls
 e - a scroll of amnesia {unknown}
Potions
 d - a potion of might
 f - a potion of lignification {unknown}
 g - a potion of mutation {unknown}
 h - 2 potions of curing {unknown}
 i - a potion of flight {unknown}

Dungeon Overview and Level Annotations

Branches:
Dungeon (2/15)

Altars:
Xom

## # .. .# #.
###.## #. #+##.. .
#. #.##.#.# #.
#.##.#.#
#.##.######.#....#
#...S@...........#
#.##..####..#....#
#..# #..####.#
#..# #))# .# ...#
#..# #
##.#####.[####.#
#.............#
######..#######
#..#


You could see an adder.


Message History

You miss the goblin. The goblin closely misses you.
You miss the goblin. You closely miss the goblin. The goblin barely misses you.
You furiously retaliate!
You headbutt the goblin!
You kill the goblin!
The goblin completely misses you.
Your Fighting skill increases to level 4!
You closely miss the goblin. You block the goblin's attack.
The frilled lizard bites you but does no damage.
The goblin hits you but does no damage.
You closely miss the goblin. You slash the frilled lizard!
You kill the frilled lizard!
The goblin barely misses you.
You barely miss the goblin. The goblin hits you but does no damage.
The goblin barely misses you.
You closely miss the goblin. Your headbutt misses the goblin.
The goblin barely misses you.
You hit the goblin but do no damage. The goblin misses you.
You closely miss the goblin. The goblin completely misses you.
You block the goblin's attack.
You closely miss the goblin.
The goblin hits you with a +0 dagger. 😕 HP[-2]
You take 2 damage, and now have 25/27 hp.
You closely miss the goblin. Your headbutt misses the goblin.
The goblin hits you but does no damage. x2
You slash the goblin!
You kill the goblin!
Your Shields skill increases to level 4!
Things that are here:
a +0 dagger {short}; a goblin corpse; 😕 HP[+1]
Things that are here:
a +0 dagger {short}; a frilled lizard corpse; a goblin corpse
Things that are here:
a +0 dagger {short}; a goblin corpse You see here a +0 robe.
Things that are here:
a +0 dagger {short}; a goblin corpse A hobgoblin comes into view.
The hobgoblin shouts!
An adder comes into view.
You slash the hobgoblin!
You kill the hobgoblin! 😎 HP[+1]
The adder hisses angrily.
The adder bites you but does no damage.
You barely miss the adder. Your headbutt misses the adder.
The adder closely misses you. You furiously retaliate!
You headbutt the adder. The adder bites you. 😕 HP[-2]
You take 2 damage, and now have 25/27 hp.
You completely miss the adder. You block the adder's attack.
The adder closely misses you.
You closely miss the adder. The adder bites you but does no damage.
You closely miss the adder. The adder bites you but does no damage.
The adder barely misses you. You furiously retaliate!
You headbutt the adder. You miss the adder.
The adder bites you but does no damage. The adder bites you. 😕 HP[-4]
You take 4 damage, and now have 21/27 hp.
You barely miss the adder. The adder bites you.
You are poisoned.
The adder poisons you!
The adder bites you but does no damage. 😮 HP[-2]
You take 2 damage, and now have 19/27 hp.
You miss the adder.
You feel very sick.
The adder bites you but does no damage. 😮 HP[-3]
You take 3 damage, and now have 16/27 hp.
You closely miss the adder.
You feel sick. The adder barely misses you. The adder bites you.
You are more poisoned.
The adder poisons you! 😮 HP[-1]
You take 1 damage, and now have 15/27 hp.
You hit the adder.
You feel very sick. The adder barely misses you.
You block the adder's attack. 😨 HP[-3]
You take 3 damage, and now have 12/27 hp.
You hit the adder but do no damage. Your headbutt misses the adder.
You feel sick. The adder bites you.
* * * LOW HITPOINT WARNING * * *
You are lethally poisoned!
The adder poisons you!
The adder bites you but does no damage. 😨 HP[-2]
You take 2 damage, and now have 10/27 hp.
You closely miss the adder. Your headbutt misses the adder.
* * * LOW HITPOINT WARNING * * *
You feel very sick. The adder bites you.
* * * LOW HITPOINT WARNING * * *
You block the adder's attack. 😱 HP[-6]
You take 6 damage, and now have 4/27 hp.
MASSIVE DAMAGE!! (PAUSE)
You miss the adder.
* * * LOW HITPOINT WARNING * * *
You feel very sick. The adder bites you but does no damage.
The adder bites you.
You die...

Skill      XL: |  1  2 |
---------------+-------+-----
Fighting       | 4 |  4.0
Shields        | 4 |  4.0
Axes           | |  2.8
Armour         | |  3.9

Action                   || total
-------------------------++-------
Melee: War axe           ||    49
       Headbutt          ||     2
Armor: Scale mail        ||    24
Dodge: Dodged            ||    26
Block: Buckler           ||     9

Levels and vault maps discovered:
D:1:      minmay_arrival_diagonal_passages, layout_basic
D:2:      layout_loops_ring, basic_altar, grunt_ministairs_14

Notes
Turn   | Place    | Note
-------+----------+-------------------------------------------
     0 | D:1      | Faeu the Minotaur Fighter began the quest for the Orb.
     0 | D:1      | Reached XP level 1. HP: 19/19 MP: 0/0
     0 | D:1      | magus.rc [v1.9.6]
   350 | D:1      | Reached XP level 2. HP: 27/27 MP: 1/1
   713 | D:2      | Found a shimmering altar of Xom.
   815 | D:2      | Reached skill level 4 in Fighting
   824 | D:2      | Reached skill level 4 in Shields
   858 | D:2      | HP: 4/27 [adder (3)]
   859 | D:2      | HP: 1/27 [poisoned by an adder]
   859 | D:2      | Slain by an adder

Vanquished Creatures
  A ball python (D:1)
  A bat (D:1)
  2 endoplasms (D:1)
  3 goblins
  3 hobgoblins
  A kobold (D:1)
  2 quokkas
  A frilled lizard (D:2)
  4 rats
18 creatures vanquished.

Table legend:
 A = Non-vault XP
 B = Vault XP
 C = Vault XP percentage of total XP
 D = Non-vault monster count
 E = Vault monster count
 F = Vault count percentage of total count
                 A         B        C        D         E       F
            +---------+---------+-------+---------+---------+-------
      Total |      31 |       0 |   0.0 |      18 |       0 |   0.0
            +---------+---------+-------+---------+---------+-------
        D:1 |      19 |       0 |   0.0 |      10 |       0 |   0.0
        D:2 |      12 |       0 |   0.0 |       8 |       0 |   0.0
            +---------+---------+-------+---------+---------+-------

Illustrated notes

Table legend:
 A = Kills in this place as a percentage of kills in entire the game.
 B = Kills by you in this place as a percentage of kills by you in the entire game.
 C = Kills by friends in this place as a percentage of kills by friends in the entire game.
 D = Other kills in this place as a percentage of other kills in the entire game.
 E = Experience gained in this place as a percentage of experience gained in the entire game.
 F = Experience gained in this place divided by the number of levels of this place that you have seen.
                   A       B       C       D       E      F
               +-------+-------+-------+-------+-------+----------------------
         Total | 100.0 | 100.0 |   N/A |   N/A | 100.0 |  15.5
       Dungeon | 100.0 | 100.0 |   N/A |   N/A | 100.0 |  15.5
               +-------+-------+-------+-------+-------+----------------------

Table legend: (Time is in decaauts)
 A = Elapsed time spent in this place.
 B = Non-inter-level travel time spent in this place.
 C = Inter-level travel time spent in this place.
 D = Time resting spent in this place.
 E = Time spent auto-exploring this place.
 F = Levels seen in this place.
 G = Mean time per level.
                   A        B        C        D        E       F      G
               +--------+--------+--------+--------+--------+-----+--------+
         Total |    878 |    864 |     14 |      0 |    644 |   2 |  439.0 |
       Dungeon |    878 |    864 |     14 |      0 |    644 |   2 |  439.0 |
               +--------+--------+--------+--------+--------+-----+--------+

Top non-repeatable levels by time:
     D:1: 716 daAuts
     D:2: 161 daAuts
